 Dungeon Crawl Stone Soup version 0.31.0-12-g77e489cdc1 (webtiles) character file.

Game seed: 1060421560850403906

103 boopmooplesden the Covered (level 4, -1/38 HPs)
             Began as an Armataur Fighter on Feb 19, 2024.
             Slain by a goblin
             ... wielding a +0 dagger
             ... led by Robin
              (3 damage)
             ... on level 2 of the Dungeon.
             The game lasted 00:01:46 (1352 turns).

boopmooplesden the Covered (Armataur Fighter)       Turns: 1352, Time: 00:01:46

Health: -1/38      AC:  7    Str: 23    XL:     4   Next: 51%
Magic:  4/4        EV:  7    Int:  9    God:
Gold:   93         SH:  4    Dex:  9    Spells: 3/3 levels left

rFire   . . .        a - +0 flail
rCold   . . .        c - +0 buckler
rNeg    . . .        b - +0 scale mail
rPois   .            (no helmet)
rElec   .            (no cloak)
rCorr   .            (no gloves)
SInv    .            (no barding)
Will    .....        (no amulet) Stlth
                     (no ring)
HPRegen 0.26/turn    (no ring)
MPRegen 0.09/turn

%: roll
@: mighty
A: large, deformed body, tough skin 3, armoured tail, roll 1
a: no special abilities


You were on level 2 of the Dungeon.
You visited 1 branch of the dungeon, and saw 2 of its levels.

You collected 93 gold pieces.

Inventory:

Hand Weapons
 a - a +0 flail (weapon)
 n - a +1 heavy spear
Missiles
 m - 4 boomerangs (quivered)
Armour
 b - a +0 scale mail (worn)
 c - a +0 buckler (worn)
Scrolls
 g - 3 scrolls of identify {unknown}
 j - a scroll of fear {unknown}
 k - a scroll of acquirement {unknown}
 l - a scroll of revelation {unknown}
Potions
 e - a potion of attraction {unknown}
 f - 2 potions of resistance {unknown}
 h - 2 potions of ambrosia {unknown}
 i - 2 potions of curing {unknown}
 o - a potion of mutation {unknown}


   Skills:
 + Level 3.0 Fighting
 + Level 3.0 Maces & Flails
 + Level 4.5 Armour
 + Level 0.5 Dodging
 + Level 3.6 Shields


You had 3 spell levels left.
You didn't know any spells.
Your spell library contained the following spells:

 Spells                   Type           Power      Damage    Failure   Level
 Conjure Ball Lightning   Conj/Air       0%         3x3d6     100%        6
 Discord                  Hex            0%         N/A       100%        8
 Disjunction              Tloc           0%         N/A       100%        8


Dungeon Overview and Level Annotations

Branches:
Dungeon (2/15)

Altars:

Shops:
D:2 :


Innate Abilities, Weirdness & Mutations

Armour fits poorly on your strangely shaped body.
You have extremely tough skin. (AC +3)
You have a long armoured tail.
You regenerate magic when rolling toward enemies. (Rampage MPRegen)


Message History

You thump the goblin!
You kill the goblin!
The goblin hits you with a +0 dagger. x2
You closely miss the goblin.
The hobgoblin no longer looks unusually strong.
The goblin no longer looks unusually strong.
The goblin hits you but does no damage. x2
You barely miss the goblin.
Your tail-slap misses the goblin.
You block the goblin's attack. The goblin barely misses you.
You sock the goblin!
You kill the goblin!
The goblin hits you with a +0 dagger.
Robin flexes a bicep menacingly.
Robin roars a battlecry!
The goblins go into a battle-frenzy!
You roll towards Robin!
You thump Robin!
Robin is heavily wounded.
The goblin no longer looks unusually strong.
The goblin attacks as it pursues you! The goblin hits you but does no damage.
Robin hits you with a +3 spectral club.
Robin roars a battlecry!
The goblin goes into a battle-frenzy!
The goblin hits you with a +0 dagger.
You barely miss Robin. You tail-slap Robin!
You kill Robin!
The goblin barely misses you.
Your Maces & Flails skill increases to level 3!
You barely miss the hobgoblin.
Your tail-slap misses the hobgoblin.
The hobgoblin hits you but does no damage.
You block the goblin's attack.
You barely miss the hobgoblin.
The hobgoblin hits you but does no damage.
The goblin hits you with a +0 dagger.
* * * LOW HITPOINT WARNING * * *
You completely miss the hobgoblin. The hobgoblin hits you.
* * * LOW HITPOINT WARNING * * *
The goblin hits you with a +0 dagger.
* * * LOW HITPOINT WARNING * * *
You block the hobgoblin's attack. The goblin hits you with a +0 dagger.
You die...

..g#
#g#####
#g)...#
#####.#
#.# #.#
#g# #g#
#@# #g#
#.#
#.####
#....#
#....#
#....#
###
#....#
#..
#....#
#..


You could see a hobgoblin (strong) and 2 goblins.

Vanquished Creatures
  Robin (D:2)
  A gnoll (D:1)
  2 adders (D:2)
  3 dart slugs
  A bat (D:1)
  4 endoplasms
  8 goblins
  5 hobgoblins
  10 jackals
  3 kobolds (D:2)
  3 quokkas (D:1)
  5 ball pythons
  2 frilled lizards (D:1)
  5 rats
53 creatures vanquished.

Notes
Turn   | Place    | Note
-------+----------+-------------------------------------------
     0 | D:1      | boopmooplesden the Armataur Fighter began the quest for the
                  | Orb.
     0 | D:1      | Reached XP level 1. HP: 18/18 MP: 1/1
    79 | D:1      | Reached XP level 2. HP: 25/25 MP: 2/2
   356 | D:1      | Reached skill level 4 in Armour
   356 | D:1      | Reached XP level 3. HP: 30/30 MP: 3/3
   985 | D:2      | Found Cecaisug's Book Shop.
  1060 | D:2      | Reached XP level 4. HP: 28/38 MP: 4/4
  1326 | D:2      | Noticed Robin
  1349 | D:2      | Killed Robin
  1352 | D:2      | Slain by a goblin

Illustrated notes

Levels and vault maps discovered:
D:1:      nzn_arrival_water_spiral, layout_basic
D:2:      layout_rooms, serial_shops, shop, hangedman_feature_mirror, uniq_robin

Skill      XL: |  1  2  3  4 |
---------------+-------------+-----
Maces & Flails | 2 3 |  3.0
Armour         | 4 |  4.5
Fighting       | 3 |  3.0
Dodging        | |  0.5
Shields        | |  3.6

Action                     |  1- 3 |  4- 6 || total
---------------------------+-------+-------++-------
  Melee: Flail             |   115 |    39 ||   154
         Tailslap          |     7 |     1 ||     8
    Use: Potion            |       |     1 ||     1
 Armour: Scale mail        |   130 |    46 ||   176
  Dodge: Dodged            |    61 |    14 ||    75
  Block: Buckler           |    35 |    15 ||    50
